Map: Hecate LE

Players

SubN

  • Race: Zerg Zerg
  • League: Diamond
  • Spawn Location: 7:00

Bass

  • Race: Zerg Zerg
  • League: Diamond
  • Spawn Location: 1:00

VOD

Have the link to the VOD?

Description

Time

  • Played on: Dec. 21, 2023, 8:02 p.m.
  • Length: 6:03
Show
View Real Time Build Order
Export as new Build Order

SubN Zerg 

Build Orders: Hatch First 

Get SALT Encoding   

  12  0:00  Drone  
  13  0:12  Overlord  
  13  0:23  Drone  
  14  0:30  Drone x2  
  16  0:49  Hatchery  
  15  0:53  Drone  
  15  0:56  Drone  
  17  0:59  Drone  
  17  1:03  Extractor  
  17  1:16  Spawning Pool  
  16  1:18  Drone  
  16  1:22  Drone  
  18  1:28  Drone  
  19  1:38  Drone  
  20  1:49  Overlord  
  20  2:03  Queen  
  20  2:04  Queen  
  20  2:06  Metabolic Boost  
  24  2:10  Drone x2  
  26  2:18  Drone x2  
  26  2:21  Drone  
  29  2:28  Drone  
  30  2:40  Hatchery  
  29  2:46  Queen  
  29  2:51  Drone x2  
  33  2:56  Overlord  
  33  3:01  Overlord  
  33  3:08  Drone x3  
  36  3:16  Drone x2  
  38  3:27  Roach Warren  
  38  3:28  Evolution Chamber  
  38  3:32  Evolution Chamber  
  35  3:38  Drone x5  
  40  3:43  Lair  
  40  3:49  Drone x3  
  40  3:55  Queen  
  45  4:03  Drone x4  
  45  4:09  Extractor  
  48  4:18  Extractor x2  
  46  4:26  Drone x7  
  53  4:46  Overlord  
  53  4:47  Overlord x3  
  53  4:58  Drone  
  53  4:59  Drone x4  
  58  5:01  Overlord  
  58  5:06  Drone x7  
  65  5:12  Overlord  
  65  5:19  Overlord x2  
  65  5:22  Overseer  
  65  5:28  Roach x7  
  79  5:30  Roach  
  81  5:43  Drone  
  98  5:59  Hatchery  
Show
View Real Time Build Order
Export as new Build Order

Bass Zerg 

Build Orders: Hatch First 

Get SALT Encoding   

  12  0:00  Drone  
  13  0:08  Drone  
  14  0:18  Drone, Extractor  
  15  0:38  Hatchery  
  14  0:44  Extractor  
  14  0:45  Drone  
  15  0:57  Spawning Pool  
  14  1:05  Drone, Extractor  
  14  1:08  Overlord  
  15  1:28  Drone x2  
  15  1:29  Drone  
  18  1:39  Overlord  
  18  1:45  Queen  
  20  1:49  Queen  
  20  1:53  Extractor  
  21  1:55  Drone x2  
  21  2:00  Drone  
  24  2:10  Drone  
  25  2:23  Drone x4  
  29  2:30  Queen  
  29  2:31  Queen  
  29  2:33  Drone  
  29  2:36  Drone  
  35  2:46  Drone  
  36  2:52  Evolution Chamber  
  36  2:58  Evolution Chamber x2  
  33  3:04  Spine Crawler  
  33  3:05  Drone x4  
  36  3:09  Overlord  
  36  3:18  Lair  
  36  3:21  Overlord  
  36  3:33  Drone x5  
  41  3:34  Drone  
  42  3:41  Pneumatized Carapace  
  42  3:48  Overlord  
  42  3:57  Extractor  
  42  3:59  Extractor  
  40  4:08  Drone x3, Extractor  
  40  4:09  Drone  
  44  4:10  Drone  
  44  4:12  Drone x2  
  44  4:13  Drone x3  
  44  4:14  Drone x2  
  51  4:24  Overseer  
  51  4:37  Drone  
  52  4:38  Roach Warren  
  52  4:39  Drone  
  52  4:41  Overlord x3  
  52  4:42  Overlord x2  
  52  5:19  Overlord, Roach x12  
Tags
 
Add a new tag
Caveats
  • Supply blocks, unpowered buildings, or Contaminate may cause inaccurate times.
  • Supply counts are checked every 10 seconds.